Map: Cactus Valley LE

Players

DrennoC - Winner!

  • Race: Protoss Protoss
  • Spawn Location: 7:00

Goats22

  • Race: Protoss Protoss
  • Spawn Location: 1:00

VOD

Have the link to the VOD?

Description

Time

  • Played on: April 3, 2015, 3:19 p.m.
  • Length: 10:56
Show
View Real Time Build Order
Export as new Build Order

DrennoC Protoss - Winner!

Build Orders: Zealot Archon 

Get SALT Encoding   

  12  0:10  Pylon  
  12  0:13  Probe  
  13  0:25  Probe (Chrono Boost)  
  14  0:35  Gateway  
  14  0:37  Probe (Chrono Boost)  
  15  0:46  Probe (Chrono Boost)  
  15  0:48  Assimilator  
  16  0:52  Assimilator  
  16  0:55  Probe  
  17  1:08  Probe (Chrono Boost)  
  18  1:14  Pylon  
  18  1:22  Cybernetics Core  
  18  1:26  Zealot  
  20  1:33  Probe  
  21  1:47  Probe (Chrono Boost)  
  22  1:58  Warp Gate (Chrono Boost)  
  22  2:00  Mothership Core (Chrono Boost)  
  24  2:19  Nexus  
  24  2:28  Probe (Chrono Boost)  
  24  2:29  Stalker  
  27  2:42  Probe (Chrono Boost)  
  28  3:00  Gateway  
  28  3:02  Gateway  
  27  3:07  Probe (Chrono Boost)  
  30  3:21  Sentry  
  30  3:30  Probe  
  30  3:32  Probe  
  32  3:42  Pylon  
  32  3:43  Probe  
  32  3:44  Probe  
  34  3:55  Probe (Chrono Boost)  
  35  4:00  Robotics Facility  
  35  4:04  Probe (Chrono Boost)  
  35  4:05  Pylon  
  35  4:07  Probe (Chrono Boost)  
  35  4:09  Stalker  
  39  4:13  Zealot  
  39  4:14  Probe (Chrono Boost)  
  42  4:20  Stalker  
  44  4:33  Probe (Chrono Boost)  
  44  4:34  Probe (Chrono Boost)  
  46  4:39  Stalker  
  46  4:41  Stalker  
  50  4:46  Probe (Chrono Boost)  
  50  4:50  Observer (Chrono Boost)  
  50  4:52  Probe (Chrono Boost)  
  53  4:55  Probe (Chrono Boost)  
  53  4:58  Assimilator  
  53  4:59  Probe (Chrono Boost)  
  54  5:01  Stalker  
  54  5:03  Probe  
  57  5:10  Probe  
  57  5:12  Stalker  
  60  5:17  Pylon  
  60  5:21  Pylon  
  60  5:24  Robotics Bay  
  60  5:26  Forge  
  60  5:37  Stalker x2, Probe (Chrono Boost)  
  60  5:40  Probe (Chrono Boost)  
  60  5:41  Zealot  
  68  5:44  Probe (Chrono Boost)  
  70  5:54  Probe x2 (Chrono Boost)  
  71  5:58  Pylon  
  71  6:02  Probe (Chrono Boost), Protoss Ground Weapons Level 1  
  73  6:05  Probe (Chrono Boost)  
  73  6:12  Probe  
  73  6:18  Immortal (Chrono Boost)  
  78  6:21  Twilight Council  
  78  6:22  Pylon  
  78  6:23  Probe  
  78  6:24  Probe, Pylon  
  80  6:37  Nexus  
  80  6:42  Probe (Chrono Boost)  
  82  6:47  Assimilator  
  82  6:48  Probe (Chrono Boost)  
  82  6:56  Probe (Chrono Boost)  
  82  6:59  Gateway x2  
  83  7:03  Probe (Chrono Boost)  
  85  7:12  Probe (Chrono Boost)  
  85  7:14  Stalker  
  85  7:15  Stalker x2  
  91  7:17  Immortal (Chrono Boost)  
  91  7:20  Blink (Chrono Boost)  
  93  7:43  Stalker x3  
  99  7:50  Pylon  
  99  7:51  Pylon x2  
  99  7:52  Pylon  
  99  7:53  Probe x3  
  102  7:59  Immortal (Chrono Boost)  
  102  8:05  Probe  
  107  8:06  Pylon  
  107  8:07  Probe x2  
  109  8:15  Templar Archives  
  109  8:19  Probe (Chrono Boost)  
  112  8:20  Probe (Chrono Boost)  
  112  8:21  Probe (Chrono Boost)  
  112  8:31  Stalker x2  
  112  8:32  Stalker x2  
  120  8:43  Stalker  
  122  8:50  Assimilator  
  122  8:53  Assimilator  
  122  8:54  Pylon  
  122  9:02  Pylon, High Templar x4  
  120  9:17  Archon x2  
  120  9:19  Probe (Chrono Boost)  
  120  9:21  Zealot  
  125  9:25  Probe x2 (Chrono Boost)  
  125  9:31  Gateway  
  125  9:32  Gateway  
  125  9:34  Gateway  
  125  9:38  Zealot  
  125  9:39  Zealot x3  
  125  9:40  Probe x2  
  135  9:51  Forge  
  135  9:58  Nexus  
  135  10:02  Pylon  
  135  10:04  Pylon  
  135  10:10  Stalker x3, Pylon  
  135  10:11  Stalker  
  133  10:24  Pylon  
  119  10:45  Stalker x5  
Show
View Real Time Build Order
Export as new Build Order

Goats22 Protoss 

Build Orders: Blink Stalkers 

Get SALT Encoding   

  12  0:01  Probe  
  13  0:13  Probe  
  14  0:22  Pylon  
  14  0:24  Assimilator  
  14  0:42  Probe (Chrono Boost)  
  15  0:49  Probe  
  16  0:50  Gateway  
  16  1:04  Probe (Chrono Boost)  
  16  1:09  Pylon  
  17  1:14  Probe (Chrono Boost)  
  18  1:27  Assimilator  
  18  1:37  Cybernetics Core  
  19  1:40  Probe (Chrono Boost)  
  19  1:49  Probe (Chrono Boost)  
  20  1:55  Gateway  
  20  1:56  Gateway  
  20  2:28  Mothership Core (Chrono Boost), Warp Gate (Chrono Boost)  
  21  2:35  Stalker  
  23  2:42  Pylon  
  23  2:44  Stalker, Twilight Council  
  23  2:49  Probe (Chrono Boost)  
  26  3:10  Stalker x2  
  30  3:17  Twilight Council  
  30  3:21  Gateway  
  30  3:25  Probe (Chrono Boost)  
  31  3:37  Blink (Chrono Boost)  
  31  3:55  Probe (Chrono Boost)  
  32  3:57  Stalker  
  34  4:05  Probe (Chrono Boost)  
  35  4:23  Probe  
  36  4:35  Probe  
  37  4:45  Pylon  
  37  4:48  Probe  
  37  4:50  Nexus  
  38  5:00  Pylon  
  38  5:03  Stalker x2  
  40  5:23  Pylon  
  40  5:26  Sentry  
  42  5:31  Stalker x2  
  46  5:51  Stalker x2  
  50  5:58  Probe (Chrono Boost)  
  51  6:05  Stalker  
  51  6:08  Probe (Chrono Boost)  
  54  6:15  Stalker x2  
  54  6:17  Sentry  
  61  6:26  Probe (Chrono Boost)  
  61  6:43  Robotics Facility  
  61  6:44  Probe (Chrono Boost)  
  61  6:46  Pylon  
  63  6:47  Probe (Chrono Boost)  
  64  6:55  Probe (Chrono Boost)  
  64  6:56  Probe (Chrono Boost)  
  65  7:05  Assimilator  
  65  7:08  Assimilator  
  65  7:09  Stalker  
  65  7:10  Stalker  
  69  7:25  Pylon  
  63  7:48  Probe (Chrono Boost)  
  64  7:53  Immortal (Chrono Boost)  
  64  7:58  Probe (Chrono Boost)  
  69  8:05  Probe (Chrono Boost), Robotics Bay  
  70  8:10  Pylon  
  70  8:15  Forge  
  70  8:17  Probe (Chrono Boost)  
  72  8:20  Pylon  
  72  8:22  Probe (Chrono Boost)  
  72  8:23  Forge  
  72  8:25  Probe (Chrono Boost), Immortal  
  76  8:30  Probe (Chrono Boost)  
  76  8:33  Probe (Chrono Boost)  
  78  8:40  Probe (Chrono Boost)  
  79  8:46  Sentry  
  79  8:47  Sentry x3, Probe (Chrono Boost)  
  89  8:48  Probe (Chrono Boost)  
  89  8:51  Protoss Ground Weapons Level 1  
  89  8:55  Probe  
  90  9:00  Protoss Ground Armor Level 1  
  90  9:09  Stargate  
  84  9:17  Stalker x4  
  92  9:26  Probe (Chrono Boost)  
  76  10:21  Stalker  
  76  10:22  Stalker x3  
Tags
 
Add a new tag
Caveats
  • Supply blocks, unpowered buildings, or Contaminate may cause inaccurate times.
  • Supply counts are checked every 10 seconds.